 Dungeon Crawl Stone Soup version 0.19-a0-1933-g052ff51 (console) character file.

205 Gottschkopf the Ruffian (level 5, -1/40 HPs)
             Began as a Draconian Transmuter on Oct 26, 2016.
             Slain by Leibowitz's ghost (4 damage)
             ... on level 4 of the Dungeon.
             The game lasted 00:10:41 (3519 turns).

Gottschkopf the Ruffian (Draconian Transmuter)      Turns: 3519, Time: 00:10:41

Health: -1/40      AC:  6    Str: 13    XL:     5   Next: 53%
Magic:  2/9        EV: 12    Int: 13    God:
Gold:   371        SH:  0    Dex: 12    Spells: 3 memorised, 3 levels left

rFire  . . .     SeeInvis .       - Unarmed
rCold  . . .     Gourm    .     (armour unavailable)
rNeg   . . .     Faith    .     (no shield)
rPois  .         Spirit   .     (helmet restricted)
rElec  .         Reflect  .     (no cloak)
rCorr  .         Harm     .     (no gloves)
MR     .....                    q - +0 pair of boots
Stlth  +.........               (no amulet)
                                (no ring)
                                (no ring)

@: no status effects
A: unfitting armour, cold-blooded, AC +5
a: no special abilities


You were on level 4 of the Dungeon.
You were hungry.

You visited 1 branch of the dungeon, and saw 4 of its levels.

You collected 371 gold pieces.

Inventory:

Missiles
 a - 76 arrows
 l - 22 poisoned needles
Armour
 q - a +0 pair of boots (worn)
Scrolls
 g - 2 scrolls of remove curse {unknown}
 h - a scroll of enchant weapon {unknown}
 j - 3 scrolls of identify {unknown}
 k - a scroll of magic mapping {unknown}
 m - a scroll of noise {unknown}
 o - a scroll of teleportation {unknown}
Potions
 d - a potion of ambrosia {unknown}
 e - a potion of lignification {unknown}
 i - 2 potions of brilliance {unknown}
Books
 b - a book of Changes

   Spells                             Type                      Level
   a - Beastly Appendage              Transmutation                1
   b - Sticks to Snakes               Transmutation                2
   c - Spider Form                    Transmutation/Poison         3
   d - Ice Form                       Ice/Transmutation            4
   e - Blade Hands                    Transmutation                5
Comestibles
 c - 2 bread rations
 f - 2 fruits
 n - a royal jelly
 p - a meat ration


   Skills:
 - Level 1.1 Fighting
 - Level 1.7 Dodging
 - Level 4.3 Unarmed Combat
 - Level 2.8 Spellcasting
 + Level 3.6 Transmutations
 - Level 2.0 Poison Magic


You had 3 spell levels left.
You knew the following spells:

 Your Spells              Type           Power        Failure   Level  Hunger
a - Beastly Appendage     Tmut           ##....       8%          1    #......
b - Sticks to Snakes      Tmut           ##......     10%         2    ###....
c - Spider Form           Tmut/Pois      #.........   21%         3    ###....


Dungeon Overview and Level Annotations

Branches:
Dungeon (4/15)
 Temple: D:4-7

Altars:
Gozag

Annotations:
D:4 Leibowitz's ghost, amateur DgGl


Innate Abilities, Weirdness & Mutations

Your plain brown scales are hard. (AC +5)
You cannot fit into any form of body armour.
You are cold-blooded and may be slowed by cold attacks.


Message History

Your adder bites Leibowitz's ghost but does no damage.
You closely miss Leibowitz's ghost.
Leibowitz's ghost is heavily damaged.
Your ball python completely misses Leibowitz's ghost. x2
Your adder closely misses Leibowitz's ghost.
Leibowitz's ghost hits you!
* * * LOW HITPOINT WARNING * * *
You are too injured to fight recklessly!
You are too injured to fight recklessly!
You hit Leibowitz's ghost.
Leibowitz's ghost is heavily damaged.
Your ball python barely misses Leibowitz's ghost.
Your ball python closely misses Leibowitz's ghost.
Your adder barely misses Leibowitz's ghost.
You hit Leibowitz's ghost. Your headbutt misses Leibowitz's ghost.
Leibowitz's ghost is severely damaged.
Your horns disappear.
Your ball python barely misses Leibowitz's ghost.
Leibowitz's ghost hits you.
You die...

##.### #
.>...
.##.#..
.....# #....
#...#
#####...####
......S@S..#
######SW#.<#
#..#.##
#..#........
#..###......
#... ^...#.
#.## ..## #.
.... ..#. #


You could see Leibowitz's ghost, a friendly adder and 2 friendly ball pythons.

Vanquished Creatures
  An orc wizard (D:3)
  10 adders
  9 orcs (D:3)
  7 bats
  6 giant cockroaches (D:3)
  7 hobgoblins
  13 jackals
  5 kobolds
  A quokka (D:2)
  A ball python (D:3)
  6 frilled lizards
  7 goblins
  4 rats
77 creatures vanquished.

Notes
Turn   | Place    | Note
-------+----------+-------------------------------------------
     0 | D:1      | Gottschkopf the Draconian Transmuter began the quest for the Orb.
     0 | D:1      | Reached XP level 1. HP: 16/16 MP: 3/3
   397 | D:1      | Reached XP level 2. HP: 12/23 MP: 3/5
  1160 | D:1      | Reached skill level 4 in Unarmed Combat
  1163 | D:1      | Reached XP level 3. HP: 3/28 MP: 2/6
  1163 | D:1      | HP: 2/42 [poisoned by an adder]
  1335 | D:1      | Learned a level 2 spell: Sticks to Snakes
  1339 | D:1      | Learned a level 3 spell: Spider Form
  1425 | D:2      | Reached skill level 1 in Poison Magic
  1796 | D:2      | Reached XP level 4. HP: 29/35 MP: 7/7
  2690 | D:3      | Found a faded altar of an unknown god.
  2715 | D:3      | Became a worshipper of Gozag Ym Sagoz the Greedy
  2782 | D:3      | Reached XP level 5. HP: 39/40 MP: 6/8
  3306 | D:3      | Fell from the grace of Gozag
  3446 | D:4      | Noticed an ogre
  3498 | D:4      | Noticed Leibowitz's ghost (amateur DgGl)
  3519 | D:4      | Slain by Leibowitz's ghost

Vault maps used:
D:1:      lemuel_arrival_broad_hall, fountainhead, st_stairs_11
D:3:      ecumenical_altar_1

Skill      XL: |  1  2  3  4 |
---------------+-------------+-----
Unarmed Combat | 4 |  4.3
Poison Magic   | 1 2 |  2.0
Transmutations | 3 |  3.6
Fighting       | |  1.1
Dodging        | |  1.7
Spellcasting   | |  2.8

Action                   |  1- 3 |  4- 6 || total
-------------------------+-------+-------++-------
Melee: Unarmed           |   142 |   160 ||   302
       Kick              |    19 |     8 ||    27
       Tailslap          |     9 |    14 ||    23
       Headbutt          |     2 |     6 ||     8
       Punch             |     1 |     1 ||     2
 Cast: Beastly Appendage |    24 |    26 ||    50
       Sticks to Snakes  |     1 |     4 ||     5
       Spider Form       |       |     3 ||     3
Invok: Potion Petition   |       |     1 ||     1
       Renounce Religion |       |     1 ||     1
  Use: Potion            |     2 |       ||     2
 Stab: Sleeping          |     1 |     2 ||     3
  Eat: Chunk             |     4 |     6 ||    10
Armor: Skin              |    63 |    40 ||   103
Dodge: Dodged            |   110 |    95 ||   205
